 Dungeon Crawl Stone Soup version 0.25-a0-425-g0e000e855e (webtiles) character file.

Game seed: 15504563543427794806, levelgen mode: deterministic

250 Kohma the Changer (level 5, 0/40 HPs)
             Began as a Draconian Transmuter on Jan 24, 2020.
             Killed by nerve-wracking pain
             ... invoked by an orc priest
              (14 damage)
             ... on level 4 of the Dungeon.
             The game lasted 00:08:56 (3053 turns).

Kohma the Changer (Draconian Transmuter)            Turns: 3053, Time: 00:08:57

Health: 0/40       AC:  2    Str: 13    XL:     5   Next: 88%
Magic:  1/8        EV: 19    Int: 14    God:
Gold:   102        SH:  6    Dex: 16    Spells: 2/8 levels left

rFire    . . .     SeeInvis .     - Unarmed
rCold    . . .     Gourm    .   (shield currently unavailable)
rNeg     . . .     Faith    .   (armour unavailable)
rPois    x         Spirit   .   (helmet currently unavailable)
rElec    .         Reflect  +   (cloak currently unavailable)
rCorr    .         Harm     .   (gloves currently unavailable)
MR       .....                  (boots currently unavailable)
Stlth    +.........             i - +6 amulet of reflection
HPRegen  0.13/turn              t - ring of flight
MPRegen  0.11/turn              (no ring)

@: spider-form
A: tiny, unfitting armour, AC +5
a: End Transformation, Evoke Flight


You were on level 4 of the Dungeon.
You were not hungry.
You were a venomous arachnid creature.
You visited 1 branch of the dungeon, and saw 4 of its levels.

You collected 102 gold pieces.

Inventory:

Missiles
 a - 41 arrows
Armour
 h - a +0 pair of gloves (melded)
Jewellery
 i - a +6 amulet of reflection (around neck)
 t - a ring of flight (left front leg)
Scrolls
 f - a scroll of remove curse
 n - a scroll of identify
 p - a scroll of fog
Potions
 d - a potion of haste {unknown}
 g - a potion of agility
 j - a potion of invisibility {unknown}
 k - 2 potions of flight {unknown}
 l - a potion of brilliance {unknown}
 m - a potion of cancellation {unknown}
 o - a potion of curing {unknown}
 r - a potion of might {unknown}
Comestibles
 b - 6 chunks of flesh
 c - 8 rations


   Skills:
 - Level 1.1 Fighting
 - Level 2.0 Dodging
 - Level 3.0 Unarmed Combat
 - Level 2.0 Spellcasting
 * Level 6.0 Transmutations
 - Level 1.0 Poison Magic


You had 2 spell levels left.
You knew the following spells:

 Your Spells              Type           Power        Failure   Level  Hunger
a - Beastly Appendage     Tmut           ###...       8%          1    ##.....
b - Sticks to Snakes      Tmut           ###.....     11%         2    ###....
c - Spider Form           Tmut/Pois      ##........   36%         3    ####...

Your spell library contained the following spells:

 Spells                   Type           Power        Failure   Level  Hunger
 Blade Hands              Tmut           ###.......   71%         5    ######.
 Ice Form                 Ice/Tmut       #.......     77%         4    #####..


Dungeon Overview and Level Annotations

Branches:
Dungeon (4/15)
 Temple: D:4-7

Altars:


Innate Abilities, Weirdness & Mutations

((Your plain brown scales are hard. (AC +5)))
You cannot fit into any form of body armour.
((You are cold-blooded and may be slowed by cold attacks.))


Message History

Your ball python bites the orc but does no damage.
Your ball python constricts the orc.
Your ball python bites the orc but does no damage.
The orc priest invokes the aid of Beogh against you.
Beogh smites you! The orc hits you with a +0 club.
Your ball python bites the orc but does no damage.
Your ball python constricts the orc.
You hit the orc priest.
The orc priest looks as sick as possible!
The orc priest is heavily wounded.
Your ball python bites the orc but does no damage.
The orc priest closely misses you.
Your ball python bites the orc.
Your ball python constricts the orc.
The orc closely misses you. The orc barely misses your ball python.
You hit the orc.
The orc is almost dead.
You kill the orc!
The orc priest invokes the aid of Beogh against you.
Pain shoots through your body!
You die...

,,*******,,,,,,,************≈**<,
,,,,,,,,,.......,,,,,,,,,,,*≈*,,,
,,,,,,,**.......#***,,,.,,**≈**,,
,>,,,,,+,........,,+,,..,,+*≈*,,,
,,,,,,,*,.:.....#***,...,,**∩**,*
,,,,,,,*,,,.....####....,,**≈**,*
,,,,,,,*,,,,,...........,,*****,*
,,,,,,,*****###.oo......,,**,,*,,
,,,,,,,*,,,*#..Ss....#******,,***
,,,,,,,*,,,*#..S########## *,,,,,
,,,,,,,*,,,*#............# *,,,,,
,,,,,,,,,,,*###..........# *,,,,,
******,,,,,* #..........# *,,,,,
*,,,*** #........### *,,,,, *,,,*
#.(......# *,***, *,,,*
#........# *,* *, ******,,,*
#........# *,* *,


You could see an orc priest, an orc and 2 friendly ball pythons.

Vanquished Creatures
  An ogre (D:4)
  A hound (D:4)
  7 adders
  An adder skeleton (D:4)
  3 worms (D:2)
  5 dart slugs
  3 orcs
  5 giant cockroaches
  14 goblins
  10 hobgoblins
  4 kobolds
  2 quokkas
  6 bats
  7 frilled lizards
  6 rats
75 creatures vanquished.

Notes
Turn   | Place    | Note
-------+----------+-------------------------------------------
     0 | D:1      | Kohma the Draconian Transmuter began the quest for the Orb.
     0 | D:1      | Reached XP level 1. HP: 16/16 MP: 3/3
   245 | D:1      | Reached XP level 2. HP: 20/23 MP: 3/5
   249 | D:1      | Learned a level 2 spell: Sticks to Snakes
   631 | D:1      | Reached skill level 3 in Transmutations
  1123 | D:2      | Reached XP level 3. HP: 28/28 MP: 4/6
  1415 | D:2      | Reached skill level 4 in Transmutations
  1511 | D:2      | Reached XP level 4. HP: 35/35 MP: 5/7
  1956 | D:2      | Learned a level 3 spell: Spider Form
  2200 | D:3      | Reached skill level 5 in Transmutations
  2236 | D:3      | Reached XP level 5. HP: 36/40 MP: 1/8
  2427 | D:3      | Reached skill level 1 in Poison Magic
  2937 | D:4      | Noticed an ogre
  2946 | D:4      | Killed an ogre
  2946 | D:4      | Reached skill level 6 in Transmutations
  3053 | D:4      | Killed from afar by an orc priest

Levels and vault maps discovered:
D:1:      lemuel_arrival_cross, layout_basic
D:2:      layout_basic, minmay_quadrilaterals
D:3:      layout_loops_ring, minmay_misc_feat_chi
D:4:      layout_basic, portal_sewer_entry_d

Skill      XL: |  1  2  3  4  5 |
---------------+----------------+-----
Dodging        | 2 |  2.0
Transmutations | 3 4 5 6 |  6.0
Poison Magic   | 1 |  1.0
Fighting       | |  1.1
Unarmed Combat | |  3.0
Spellcasting   | |  2.0

Action                   |  1- 3 |  4- 6 || total
-------------------------+-------+-------++-------
Melee: Unarmed           |   139 |   118 ||   257
       Tailslap          |    11 |     5 ||    16
       Headbutt          |     8 |     1 ||     9
       Kick              |     7 |     6 ||    13
 Cast: Beastly Appendage |    26 |     6 ||    32
       Spider Form       |       |    15 ||    15
       Sticks to Snakes  |       |     4 ||     4
  Use: Scroll            |       |     7 ||     7
  Eat: Chunk             |     3 |     7 ||    10
Armor: Skin              |    43 |    23 ||    66
Dodge: Dodged            |    82 |   101 ||   183
Block: Other             |       |     3 ||     3

Table legend:
 A = Non-vault XP
 B = Vault XP
 C = Vault XP percentage of total XP
 D = Non-vault monster count
 E = Vault monster count
 F = Vault count percentage of total count
                 A         B        C        D         E       F
            +---------+---------+-------+---------+---------+-------
      Total |     348 |      10 |   2.8 |      71 |       4 |   5.3
            +---------+---------+-------+---------+---------+-------
        D:1 |      37 |       0 |   0.0 |      22 |       0 |   0.0
        D:2 |      96 |      10 |   9.4 |      25 |       4 |  13.8
        D:3 |      76 |       0 |   0.0 |      20 |       0 |   0.0
        D:4 |     139 |       0 |   0.0 |       4 |       0 |   0.0
            +---------+---------+-------+---------+---------+-------
